 Dungeon Crawl Stone Soup version 0.29-a0-409-gd843f3a48c (webtiles) character file.

Game seed: 13598089452280341903

71 bande the Skirmisher (level 4, -1/41 HPs)
             Began as a Hill Orc Fighter on May 13, 2022.
             Slain by a gnoll
             ... wielding a +0 spear
              (5 damage)
             ... on level 2 of the Dungeon.
             The game lasted 00:02:41 (1189 turns).

bande the Skirmisher (Hill Orc Fighter)             Turns: 1189, Time: 00:02:42

Health: -1/41      AC:  7    Str: 18    XL:     4   Next: 24%
Magic:  4/4        EV:  9    Int:  8    God:
Gold:   60         SH:  4    Dex: 12    Spells: 3/3 levels left

rFire   . . .      SeeInvis .   a - +0 war axe
rCold   . . .      Faith    .   c - +0 buckler
rNeg    . . .      Spirit   .   b - +0 scale mail
rPois   .          Reflect  .   (no helmet)
rElec   .          Harm     .   (no cloak)
rCorr   .          Rampage  .   (no gloves)
Will    +....                   (no boots)
Stlth   ..........              (no amulet)
HPRegen 0.13/turn               g - ring of willpower
MPRegen 0.09/turn               (no ring)

@: no status effects
A: no striking features
a: no special abilities


You were on level 2 of the Dungeon.
You visited 1 branch of the dungeon, and saw 2 of its levels.

You collected 60 gold pieces.

Inventory:

Hand Weapons
 a - a +0 war axe (weapon)
Missiles
 j - 3 throwing nets (quivered)
Armour
 b - a +0 scale mail (worn)
 c - a +0 buckler (worn)
Jewellery
 g - a ring of willpower (left hand)
Scrolls
 f - a scroll of vulnerability {unknown}
 i - a scroll of fear {unknown}
 k - a scroll of enchant weapon {unknown}
 l - a scroll of blinking {unknown}
 m - a scroll of magic mapping {unknown}
 n - a scroll of enchant armour {unknown}
 p - a scroll of immolation {unknown}
 q - a scroll of teleportation {unknown}
 s - a scroll of identify {unknown}
Potions
 d - a potion of might
 e - a potion of heal wounds {unknown}
 h - 3 potions of mutation {unknown}
 o - 2 potions of brilliance {unknown}
 r - a potion of attraction {unknown}


   Skills:
 + Level 4.3 Fighting
 + Level 4.0 Axes
 + Level 3.9 Armour
 + Level 3.7 Shields


You had 3 spell levels left.
You didn't know any spells.
Your spell library was empty.

Dungeon Overview and Level Annotations

Branches:
Dungeon (2/15)

Altars:


Message History

The gnoll misses you.
You closely miss the gnoll.
The endoplasm quivers.
The gnoll shouts!
The gnoll hits you with a +0 whip.
You closely miss the gnoll.
The gnoll hits you but does no damage. x2
The gnoll barely misses you. The gnoll closely misses you.
You block the gnoll's attack.
You completely miss the gnoll. You hit the rat.
You kill the rat!
You hit the gnoll. You block the gnoll's attack.
The gnoll hits you but does no damage. The gnoll closely misses you.
You barely miss the gnoll.
The gnoll is heavily wounded.
You hit the gnoll. The gnoll hits you with a +0 whip.
The gnoll closely misses you.
The gnoll hits you from afar with a +0 spear.
You hit the gnoll.
The gnoll is almost dead.
You completely miss the gnoll. You hit the endoplasm.
The endoplasm freezes you.
You are frozen.
The gnoll hits you from afar with a +0 halberd!
The gnoll barely misses you.
The gnoll hits you from afar with a +0 spear.
The gnoll hits you but does no damage. The endoplasm closely misses you.
The gnoll hits you with a +0 whip.
* * * LOW HITPOINT WARNING * * *
The gnoll hits you from afar with a +0 spear.
* * * LOW HITPOINT WARNING * * *
The gnoll hits you from afar with a +0 halberd.
* * * LOW HITPOINT WARNING * * *
The gnoll hits you with a +0 whip.
* * * LOW HITPOINT WARNING * * *
You are too injured to fight recklessly!
You hit the gnoll.
You kill the gnoll!
You hit the endoplasm. You barely miss the gnoll.
The gnoll hits you from afar with a +0 spear.
You die...

....#.#..####..
#.............
#..####.#######
###.####..# #
##.. #....## #
#
####.?###.####
#
♣.)♣..8...##.#
#
.....gg...##.#
#
......)@.†#.<#
#
∩..∩.gJ..♣†.##
# ...........##
...........#
8..∩..∩..∩.#
...........#
...........#
..._..∩..∩.#
........#


You could see 3 gnolls and an endoplasm.

Vanquished Creatures
  2 gnolls
  An adder (D:2)
  2 dart slugs
  6 ball pythons
  13 bats
  4 endoplasms
  A giant cockroach (D:1)
  4 goblins
  4 hobgoblins
  2 quokkas (D:2)
  2 frilled lizards
  2 kobolds (D:1)
  7 rats
50 creatures vanquished.

Notes
Turn   | Place    | Note
-------+----------+-------------------------------------------
     0 | D:1      | bande the Hill Orc Fighter began the quest for the Orb.
     0 | D:1      | Reached XP level 1. HP: 19/19 MP: 1/1
   106 | D:1      | Reached XP level 2. HP: 27/27 MP: 2/2
   351 | D:1      | Reached XP level 3. HP: 31/33 MP: 3/3
  1041 | D:2      | Reached XP level 4. HP: 40/40 MP: 4/4
  1142 | D:2      | Found a faded altar of an unknown god.
  1189 | D:2      | Slain by a gnoll

Illustrated notes

Levels and vault maps discovered:
D:1:      dpeg_arrival_tiny_b, layout_loops_ring
D:2:      layout_rooms, hellmonk_ecumenical_altar_arch_garden

Skill      XL: |  1  2  3  4 |
---------------+-------------+-----
Axes           | 3 4 |  4.0
Fighting       | 4 |  4.3
Armour         | |  3.9
Shields        | |  3.7

Action                   |  1- 3 |  4- 6 || total
-------------------------+-------+-------++-------
Melee: War axe           |    87 |    23 ||   110
Armor: Scale mail        |    42 |    17 ||    59
Dodge: Dodged            |    54 |    20 ||    74
Block: Buckler           |    14 |     9 ||    23

Table legend: (Time is in decaauts)
 A = Elapsed time spent in this place.
 B = Non-inter-level travel time spent in this place.
 C = Inter-level travel time spent in this place.
 D = Time resting spent in this place.
 E = Time spent auto-exploring this place.
 F = Levels seen in this place.
 G = Mean time per level.
                   A        B        C        D        E       F      G
               +--------+--------+--------+--------+--------+-----+--------+
         Total |   1229 |   1229 |      0 |      0 |    896 |   2 |  614.5 |
       Dungeon |   1229 |   1229 |      0 |      0 |    896 |   2 |  614.5 |
               +--------+--------+--------+--------+--------+-----+--------+

Top non-repeatable levels by time:
     D:1: 803 daAuts
     D:2: 425 daAuts
